 Dungeon Crawl Stone Soup version 0.28-a0-1567-g1695149f81 (webtiles) character file.

Game seed: 705791816918289745

1234 Shayle the Ducker (level 8, 0/59 HPs)
             Began as a Djinni Warper on Jan 19, 2022.
             Slain by an ogre (24 damage)
             ... on level 6 of the Dungeon.
             The game lasted 00:17:01 (9360 turns).

Shayle the Ducker (Djinni Warper)                   Turns: 9360, Time: 00:17:02

Health: 0/59       AC:  3    Str: 10    XL:     8   Next: 77%
Gold:   268        EV: 13    Int: 18    God:
                   SH:  0    Dex: 12

rFire   + + .      SeeInvis .   d - +2 dagger (elec)
rCold   x . .      Faith    .   (no shield)
rNeg    . . .      Spirit   .   a - +0 leather armour
rPois   ∞          Reflect  .   (helmet currently unavailable)
rElec   .          Harm     .   (no cloak)
rCorr   .          Rampage  .   (no gloves)
Will    .....                   (boots unavailable)
Stlth   +.........              (no amulet)
HPRegen 0.19/turn               (no ring)
MPRegen 0.00/turn               (no ring)

@: appendages, flying
A: horns 2, flying, sickness immunity, fire resistance 2, cold vulnerability 1,
float, innate caster, hp casting, extra vitality 1
a: End Transformation


You were on level 6 of the Dungeon.
You had temporarily grown beastly horns.
You visited 1 branch of the dungeon, and saw 6 of its levels.
You also visited: Sewer.

You collected 268 gold pieces.

Inventory:

Hand Weapons
 d - a +2 dagger of electrocution (weapon)
 p - a +2 short sword of venom
 s - a +1 vampiric whip
 t - a +1 whip of electrocution
Missiles
 i - 19 poisoned darts (quivered)
 m - a curare-tipped dart
 r - 12 boomerangs
 u - 3 javelins
Armour
 a - a +0 leather armour (worn)
 k - a +0 helmet (melded)
Jewellery
 g - an amulet of faith
 A - a ring of ice
Scrolls
 b - a scroll of blinking
 c - a scroll of enchant weapon {unknown}
 e - a scroll of vulnerability {unknown}
 j - a scroll of brand weapon {unknown}
 q - a scroll of teleportation {unknown}
 v - a scroll of magic mapping {unknown}
 x - a scroll of identify {unknown}
 y - a scroll of fear {unknown}
 z - a scroll of fog {unknown}
 C - a scroll of noise {unknown}
Potions
 f - 2 potions of might {unknown}
 h - a potion of lignification {unknown}
 l - 2 potions of invisibility {unknown}
 n - a potion of mutation {unknown}
 o - 2 potions of haste {unknown}
 w - a potion of berserk rage {unknown}
 B - a potion of curing {unknown}


   Skills:
 + Level 5.3 Fighting
 - Level 0.7 Throwing
 - Level 1.0 Armour
 + Level 5.8 Dodging
 + Level 5.3 Unarmed Combat
 + Level 4.4 Spellcasting


You couldn't memorise any spells.
You knew the following spells:

 Your Spells              Type           Power      Damage    Failure   Level
a - Blink                 Tloc           38%        N/A       4%          2
b - Lesser Beckoning      Tloc           19%        N/A       10%         3
c - Gell's Gravitas       Tloc           19%        N/A       10%         3
d - Teleport Other        Tloc           19%        N/A       10%         3
e - Manifold Assault      Tloc           19%        N/A       65%         5
f - Beastly Appendage     Tmut           38%        N/A       3%          1
g - Poisonous Vapours     Pois/Air       38%        N/A       4%          2
h - Wereblood             Tmut           19%        N/A       4%          2
Your spell library was empty.

Dungeon Overview and Level Annotations

Branches:
Dungeon (6/15)              Sewer (visited)
 Temple: D:4-7

Altars:
Elyvilon
Trog
Vehumet


Innate Abilities, Weirdness & Mutations

You have temporarily grown beastly horns.
You are flying.
You are immune to sickness and miasma.
You are immune to poison.
Your flesh is very heat resistant. (rF++)
You are vulnerable to cold. (rC-)
You float through the air rather than walking.
You learn spells naturally, not from books.
Your magical power is your life essence.
You have superior vitality. (+4 MHP)


Message History

You barely miss the necrophage.
The necrophage is severely damaged.
The necrophage misses you.
You hit the necrophage but do no damage.
Lightning courses through the necrophage!
You destroy the necrophage!
You see here a necrophage corpse.
You see here a necrophage corpse.
Found 14 bolts.
There is a stone staircase leading up here.
f - 2 metallic pink potions (gained 1)
You start resting.
HP restored.
Found a falchion.
There is a stone staircase leading up here.
Done exploring.
Done exploring.
(D) Dungeon
Where to? (Enter - D:5 @ (x,y), ? - help)
There is a stone staircase leading down here.
You fly downwards.
Found 13 gold pieces.
There is a stone staircase leading up here.
An ogre is nearby!
Casting: Beastly Appendage (safe; 3% risk of failure)
Confirm with . or Enter, or press ? or * to list all spells.
You grow a pair of large bovine horns.
Your +0 helmet melds into your body.
The ogre hits you with a +0 giant club!!
You hit the ogre but do no damage.
You headbutt the ogre, but do no damage.
You hit the ogre.
The ogre is lightly wounded.
The ogre hits you with a +0 giant club!
You hit the ogre.
The ogre is moderately wounded.
The ogre barely misses you.
You hit the ogre. You headbutt the ogre!
The ogre is heavily wounded.
The ogre hits you with a +0 giant club!!
You die...

. . #$
.## . ..#
#.#.###
.#...#
....#
#O..#
#@.# #..#
....#
.......
###...###
##.## .#
.#


You could see an ogre.

Vanquished Creatures
  A black bear (D:2)
  An ogre (D:5)
  A necrophage (D:5)
  A centaur (D:5)
  2 phantoms
  3 kobold brigands (Sewer)
  A water moccasin skeleton (D:4)
  2 hounds
  An orc priest (D:3)
  A centaur skeleton (D:5)
  An orc wizard (D:3)
  A killer bee zombie (D:5)
  A hound skeleton (D:5)
  4 gnolls
  10 adders
  3 river rats (Sewer)
  A shadow imp (D:5)
  5 worms
  5 dart slugs
  14 orcs
  6 bats
  3 endoplasms
  5 giant cockroaches
  6 goblins
  8 hobgoblins
  11 jackals
  10 kobolds
  4 quokkas
  14 ball pythons
  7 frilled lizards
  11 rats
144 creatures vanquished.

Vanquished Creatures (others)
  12 plants (Sewer)
12 creatures vanquished.

Grand Total: 156 creatures vanquished

Notes
Turn   | Place    | Note
-------+----------+-------------------------------------------
     0 | D:1      | Shayle the Djinni Warper began the quest for the Orb.
     0 | D:1      | Reached XP level 1. HP: 18/18 MP: 0/0
   282 | D:1      | Reached XP level 2. HP: 11/23 MP: 0/0
   990 | D:1      | Reached XP level 3. HP: 26/28 MP: 0/0
   990 | D:1      | Learned a level 1 spell: Beastly Appendage
  1675 | D:2      | Reached XP level 4. HP: 22/34 MP: 0/0
  2033 | D:2      | Found a faded altar of an unknown god.
  2722 | D:2      | Found a bloodstained altar of Trog.
  2745 | D:2      | Noticed a black bear
  2753 | D:2      | Killed a black bear
  2754 | D:2      | Reached XP level 5. HP: 27/40 MP: 0/0
  2754 | D:2      | Learned a level 2 spell: Poisonous Vapours
  2873 | D:2      | Reached XP level 6. HP: 46/46 MP: 0/0
  3520 | D:3      | Found a glowing drain.
  3524 | Sewer    | Entered a sewer
  4012 | Sewer    | Reached XP level 7. HP: 22/51 MP: 0/0
  4012 | Sewer    | Learned a level 2 spell: Wereblood
  5745 | D:3      | You are sucked into a shaft and drop 2 floors!
  5745 | D:5      | Entered Level 5 of the Dungeon
  5793 | D:4      | Reached XP level 8. HP: 39/58 MP: 0/0
  5931 | D:4      | Reached skill level 5 in Dodging
  7933 | D:5      | Found a white marble altar of Elyvilon.
  7954 | D:5      | Reached skill level 5 in Fighting
  7954 | D:5      | Reached skill level 5 in Unarmed Combat
  9360 | D:6      | Slain by an ogre

Illustrated notes

Levels and vault maps discovered:
D:1:      dpeg_arrival_rooms_c, layout_basic
D:2:      layout_basic, serial_forest, infiniplex_forest_lined_ring,
          infiniplex_forest_lined_2, infiniplex_forest_corner_2,
          infiniplex_forest_straight_3, infiniplex_forest_straight_3,
          basic_altar, shapermc_ecumenical_altar_pompeii, minivault_19,
          eino_curves_02
D:3:      layout_basic, nicolae_vehumet_radiance, gup_sewer_entry_spiral
D:4:      layout_loops_cross, hangedman_decor_lopped
D:5:      layout_layer_cave, mainiacjoe_overflow_small_starburst,
          small_statue_intersection, minmay_misc_feat_x
D:6:      minmay_chambers_of_fours, layout_loops_corners, temple_statues

Skill      XL: |  1  2  3  4  5  6  7  8 |
---------------+-------------------------+-----
Dodging        | 3 4 5 |  5.8
Fighting       | 3 4 5 |  5.3
Unarmed Combat | 3 4 5 |  5.3
Spellcasting   | 3 4 |  4.4
Throwing       | |  0.7
Armour         | |  1.0

Action                   |  1- 3 |  4- 6 |  7- 9 || total
-------------------------+-------+-------+-------++-------
Melee: Dagger            |    83 |   149 |   229 ||   461
       Unarmed           |     6 |       |       ||     6
       Punch             |     1 |     6 |    15 ||    22
       Headbutt          |       |       |    10 ||    10
Throw: Boomerang         |     1 |     4 |       ||     5
 Cast: Poisonous Vapours |       |    20 |    79 ||    99
       Beastly Appendage |       |       |     9 ||     9
  Use: Scroll            |       |       |     1 ||     1
Armor: Leather armour    |    28 |    43 |    47 ||   118
Dodge: Dodged            |    61 |    80 |   134 ||   275

Table legend: (Time is in decaauts)
 A = Elapsed time spent in this place.
 B = Non-inter-level travel time spent in this place.
 C = Inter-level travel time spent in this place.
 D = Time resting spent in this place.
 E = Time spent auto-exploring this place.
 F = Levels seen in this place.
 G = Mean time per level.
                   A        B        C        D        E       F      G
               +--------+--------+--------+--------+--------+-----+--------+
         Total |   9368 |   9102 |    266 |   2812 |   4691 |   7 | 1338.3 |
       Dungeon |   8229 |   7963 |    266 |   2407 |   4335 |   6 | 1371.5 |
         Sewer |   1139 |   1139 |      0 |    405 |    356 |   1 | 1139.0 |
               +--------+--------+--------+--------+--------+-----+--------+

Top non-repeatable levels by time:
     D:2: 1927 daAuts
     D:1: 1885 daAuts
     D:5: 1736 daAuts
     D:3: 1559 daAuts
   Sewer: 1139 daAuts
     D:4: 1116 daAuts
     D:6: 4 daAuts
